Map: Odyssey LE

Players

VampyWorm - Winner!

  • Race: Protoss Protoss
  • League: Master
  • Spawn Location: 5:00

Hypno

  • Race: Zerg Zerg
  • League: Diamond
  • Spawn Location: 11:00

VOD

https://go.twitch.tv/videos/186074637

Description

Time

  • Played on: Oct. 28, 2017, 4:48 p.m.
  • Length: 7:44
Show
View Real Time Build Order
Export as new Build Order

VampyWorm Protoss - Winner!

Build Orders: Zealot Archon, Dark Templar Rush 

Get SALT Encoding   

  12  0:01  Probe (Chrono Boost)  
  13  0:11  Probe (Chrono Boost)  
  14  0:22  Pylon, Probe (Chrono Boost)  
  15  0:40  Gateway, Probe (Chrono Boost)  
  16  0:45  Assimilator  
  16  0:51  Probe (Chrono Boost)  
  17  1:01  Probe (Chrono Boost)  
  18  1:06  Gateway  
  18  1:08  Assimilator  
  18  1:12  Probe (Chrono Boost)  
  20  1:25  Probe (Chrono Boost)  
  20  1:28  Cybernetics Core  
  20  1:36  Probe (Chrono Boost)  
  21  1:43  Pylon  
  22  1:47  Probe (Chrono Boost)  
  22  1:57  Probe (Chrono Boost)  
  23  2:06  Adept x2 (Chrono Boost)  
  23  2:07  Warp Gate (Chrono Boost)  
  27  2:14  Mothership Core  
  29  2:23  Twilight Council  
  31  2:44  Pylon  
  31  2:59  Adept (Chrono Boost)  
  31  3:03  Probe  
  32  3:08  Dark Shrine  
  32  3:10  Gateway  
  32  3:15  Probe  
  33  3:32  Nexus  
  29  3:42  Pylon, Probe  
  30  3:54  Probe  
  31  4:06  Probe (Chrono Boost)  
  32  4:18  Probe (Chrono Boost)  
  32  4:20  Dark Templar x2  
  32  4:21  Dark Templar  
  39  4:28  Probe (Chrono Boost)  
  40  4:39  Probe (Chrono Boost)  
  41  4:46  Probe (Chrono Boost)  
  41  4:49  Probe (Chrono Boost)  
  43  4:56  Probe (Chrono Boost)  
  43  4:58  Dark Templar x2  
  46  5:00  Probe (Chrono Boost)  
  46  5:06  Gateway  
  47  5:08  Gateway  
  47  5:12  Pylon, Probe (Chrono Boost)  
  48  5:16  Probe (Chrono Boost)  
  49  5:22  Probe (Chrono Boost)  
  50  5:31  Probe (Chrono Boost)  
  50  5:32  Assimilator  
  50  5:33  Probe (Chrono Boost)  
  52  5:40  Pylon  
  52  5:41  Probe (Chrono Boost)  
  53  5:43  Robotics Facility, Probe (Chrono Boost)  
  53  5:45  Pylon  
  53  5:46  Assimilator  
  53  5:47  Archon  
  54  5:51  Adept x2  
  54  5:53  Adept  
  54  5:54  Archon  
  54  5:56  Probe (Chrono Boost)  
  61  5:59  Probe (Chrono Boost)  
  61  6:02  Pylon  
  62  6:06  Probe (Chrono Boost)  
  62  6:09  Probe (Chrono Boost)  
  64  6:12  Adept x2  
  64  6:15  Dark Templar  
  70  6:19  Dark Templar  
  70  6:23  Archon  
  70  6:24  Stalker  
  74  6:27  Probe (Chrono Boost)  
  75  6:50  Dark Templar x2  
  75  6:51  Zealot x2  
  75  6:52  Stalker  
  85  6:54  Archon  
  85  6:57  Probe (Chrono Boost)  
  85  6:58  Probe (Chrono Boost)  
  89  7:02  Immortal (Chrono Boost)  
  89  7:08  Probe  
  91  7:10  Probe  
  93  7:18  Probe  
  91  7:35  Nexus  
  92  7:37  Pylon  
  92  7:39  Pylon  
Show
View Real Time Build Order
Export as new Build Order

Hypno Zerg 

Build Orders: Hatch First 

Get SALT Encoding   

  12  0:01  Drone  
  13  0:12  Overlord  
  13  0:16  Drone  
  13  0:20  Extractor  
  13  0:24  Drone  
  15  0:31  Drone  
  15  0:34  Drone  
  17  0:56  Hatchery  
  16  1:06  Drone  
  17  1:17  Drone  
  17  1:18  Spawning Pool  
  17  1:22  Extractor  
  16  1:41  Hatchery  
  16  1:46  Drone  
  16  1:48  Drone  
  17  1:57  Drone x2  
  19  2:09  Queen  
  21  2:21  Queen  
  23  2:27  Metabolic Boost  
  23  2:31  Drone  
  23  2:34  Drone  
  25  2:37  Zergling x2  
  25  2:41  Zergling x2  
  28  3:00  Roach Warren  
  28  3:03  Zergling x2  
  28  3:06  Overlord  
  27  3:24  Queen  
  28  3:32  Overlord  
  27  3:34  Drone x3  
  27  3:35  Drone x5  
  27  3:37  Overlord  
  35  3:56  Drone  
  35  3:57  Drone x3  
  39  4:10  Hatchery, Drone x2  
  39  4:11  Drone  
  41  4:17  Lair  
  41  4:22  Drone  
  41  4:23  Drone x3  
  45  4:26  Overlord  
  45  4:30  Spore Crawler  
  44  4:32  Spore Crawler  
  43  4:50  Roach  
  43  4:51  Roach x5  
  50  5:01  Roach  
  52  5:15  Overlord  
  52  5:25  Overseer  
  52  5:40  Roach Warren  
  51  5:46  Drone x12  
  63  5:52  Extractor  
  62  5:58  Extractor, Queen  
  62  6:02  Spore Crawler  
  62  6:07  Spine Crawler  
  61  6:18  Hatchery  
  60  6:33  Zergling x2  
  60  6:34  Queen  
  63  6:42  Roach, Extractor  
  63  6:43  Roach x2  
  68  6:49  Overlord  
  69  6:57  Overlord  
  68  7:06  Queen  
  70  7:12  Roach x3  
  69  7:23  Roach x8  
  69  7:24  Roach  
Tags
 
Add a new tag
Caveats
  • Supply blocks, unpowered buildings, or Contaminate may cause inaccurate times.
  • Supply counts are checked every 10 seconds.